AoeStats
← L0has

Arabian Desert

509614884Analyzed
1v1 RM · 5d ago on Sep 27, 2026· 35m 6s· 2 players
Game mode
Random Map
Map size
Tiny (2 player)
Population
200
Speed
Normal
Resources
Standard
Victory
Conquest
Starting age
Dark Age
Ending age
Imperial Age
RankedLock teamsTeams togetherTeam positionsShared explorationLock speedFull tech treeHidden civsTurbo modeCheats
Victory
Defeat
🇩🇪 Sicilians · Germany
1772
+16
🇫🇮 Japanese · Finland
1775
-16
L0has
6:24 Loom
9:49 Feudal Age
10:31 Double-Bit Axe
10:31 Horse Collar
16:33 Fletching
21:45 Castle Age
22:20 Scale Mail Armor
23:17 Bodkin Arrow
24:39 Wheelbarrow
24:17 Gold Mining
27:37 Gold Shaft Mining
27:04 Pikeman
28:01 Chain Mail Armor
29:34 Hand Cart
31:20 Sanctity
33:01 Town Watch
33:26 Heavy Plow
33:37 Bow Saw
Valtsyuk
6:23 Loom
9:15 Feudal Age
9:16 Man-at-Arms
9:43 Double-Bit Axe
13:29 Fletching
18:18 Wheelbarrow
21:00 Castle Age
19:55 Scale Barding Armor
21:02 Bloodlines
21:35 Forging
21:48 Bodkin Arrow
21:44 Horse Collar
29:17 Crossbowman
31:07 Chain Barding Armor
32:56 Iron Casting
Connection lost

Rejoining the realm…

Still unreachable

The connection could not be restored.

Session expired

The server has moved on; the page needs a fresh start.